Unix NetHack Version 3.7.0-71 Work-in-progress - last build Jan 31 2023 02:41:03 (7ba98a1283f2b7cec35fde026edb48fc825ab8ae,branch:master). Game began 2023-02-09 14:19:52, ended 2023-02-09 20:01:08. Gandelf, neutral male human Monk ----- ------ |...| |....| |...----..0.| |...........| |%%--->---..| ---.---------| |.....|0@0.1.| |.....|----..| |.....| |.-- |...%.-----.| |...........| ----------..| ---- Gandelf the Initiate St:15 Dx:12 Co:13 In:9 Wi:15 Ch:12 Neutral S:5862 Dlvl:6 $:0 HP:56(57) Pw:51(51) AC:-1 Xp:8/1368 T:7069 Burdened Latest messages: The dart hits it. What do you want to wield? [- RW or ?*] ? W - a bow (weapon in hand). In what direction? l The arrow misses. You kill it! With great effort you move the boulder. The boulder falls into and plugs a hole in the floor! You have a little trouble lifting R - an arrow (in quiver) (8 in total). You have a little trouble lifting F - 8 darts. You see here a lizard corpse. You have a little trouble lifting u - a lizard corpse. You have a little trouble lifting R - an arrow (in quiver) (9 in total). You see here a newt corpse. With great effort you move the boulder. You try to move the boulder, but in vain. You fall down the stairs. What do you want to throw? [FR or ?*] * Never mind. What do you want to zap? [rY or ?*] ? A lit field surrounds you! What do you want to use or apply? [ckoryCY or ?*] Never mind. There appears to be no shopkeeper here to receive your payment. In what direction? t Never mind. In what direction? f Never mind. What do you want to use or apply? [ckoryCY or ?*] n Sorry, I don't know how to use that. What do you want to use or apply? [ckoryCY or ?*] s Sorry, I don't know how to use that. What do you want to throw? [FR or ?*] r In what direction? o What do you want to read? [cdfijlzA-DHKQSZ or ?*] i As you read the scroll, it disappears. The ceiling rumbles above you! You are hit by a boulder! Fortunately, you are wearing a hard helmet. What do you want to use or apply? [ckoryCY or ?*] Never mind. You try to move the boulder, but in vain. In what direction? r Never mind. You hear a monster behind the boulder. Perhaps that's why you cannot move it. You hear a monster behind the boulder. Perhaps that's why you cannot move it. Really quit? [yn] (n) y Do you want your possessions identified? [ynq] (y) q Inventory: Weapons R - 9 +0 arrows (in quiver) W - a +0 bow (weapon in hand) F - 8 +0 darts Armor n - an uncursed +0 orcish helm (being worn) a - an uncursed +2 pair of leather gloves (being worn) I - an uncursed +0 pair of high boots (being worn) v - an uncursed +0 elven shield (being worn) b - an uncursed +1 robe (being worn) Comestibles g - 6 uncursed apples t - an uncursed apple O - an uncursed clove of garlic M - 4 uncursed food rations h - 5 uncursed oranges u - an uncursed lizard corpse Scrolls B - 2 uncursed scrolls of amnesia d - an uncursed scroll of charging D - an uncursed scroll of create monster l - an uncursed scroll of destroy armor i - an uncursed scroll of earth z - an uncursed scroll of food detection A - an uncursed scroll of gold detection H - a blessed scroll of identify S - an uncursed scroll of identify Z - an uncursed scroll of identify Q - an uncursed scroll of light j - an uncursed scroll of magic mapping K - 2 uncursed scrolls of remove curse f - 2 uncursed scrolls of teleportation Spellbooks c - a blessed spellbook of healing C - an uncursed spellbook of stone to flesh Potions w - an uncursed potion of extra healing s - a blessed potion of object detection L - a blessed potion of polymorph e - 3 uncursed potions of water N - an uncursed potion of water V - 8 uncursed potions of water Rings G - an uncursed ring of cold resistance P - an uncursed +0 ring of gain constitution x - an uncursed +1 ring of increase damage (on left hand) X - an uncursed ring of searching p - an uncursed ring of sustain ability (on right hand) Wands r - a wand of digging (0:2) Y - a wand of light (0:14) Tools o - an uncursed mirror y - an uncursed oil lamp k - an uncursed skeleton key Gems/Stones q - an uncursed obsidian stone U - an uncursed opal E - 2 uncursed worthless pieces of black glass T - an uncursed worthless piece of green glass J - an uncursed worthless piece of red glass m - an uncursed worthless piece of yellow glass Gandelf the Monk's attributes: Background: You were an Initiate, a level 8 male human Monk. You were neutral, nominally on a mission for Chih Sung-tzu who was opposed by Shan Lai Ching (lawful) and Huan Ti (chaotic). You were in Sokoban, on level 6. You entered the dungeon 7069 turns ago. You had 1368 experience points, 1192 more were needed to attain level 9. Your score was 5862 before end-of-game adjustments. Basics: You had 56 out of 57 hit points. You had all 51 energy points (spell power). Your armor class was -1. Your wallet was empty. Autopickup was on for '$?+!=/' plus thrown. Final Characteristics: Your strength was 15 (limit:18/100). Your dexterity was 12 (limit:18). Your constitution was 13 (limit:18). Your intelligence was 9 (limit:18). Your wisdom was 15 (limit:18). Your charisma was 12 (limit:18). Final Status: You were not hungry. You were burdened; movement was slightly slowed. You were wielding a bow. You had no skill with bow. Final Attributes: You were piously aligned. You were sleep resistant. You were poison resistant. You saw invisible. You were telepathic. You were warned. You were stealthy. You had a small damage bonus (+1). You were guarded. You were fast. You had fixed abilities. You survived. Miscellaneous: You never encountered a bones level. Total elapsed playing time was 52 minutes and 22 seconds. Major events: Turn 1: Gandelf the neutral male human Monk entered the dungeon 1353: attained the rank of Novice (level 3) 2463: entered the Gnomish Mines 2715: attained the rank of Initiate (level 6) 5947: entered Sokoban 6299: completed 1st Sokoban level 7029: completed 2nd Sokoban level 7069: quit Vanquished creatures: a giant mimic a chameleon a leprechaun 3 gnome rulers a lizard 2 chickatrices a gnome mummy a snake an ape 6 Woodland-elves an imp a rock mole 2 fog clouds a yellow light a shrieker 3 gnome leaders a gray ooze 2 giant ants a little dog 3 floating eyes a kitten 2 dwarves a homunculus 2 kobold leaders 8 rothes 5 orc zombies a dwarf zombie 2 iguanas 3 killer bees 3 acid blobs a gas spore 3 hobbits 2 large kobolds 6 giant rats a brown mold a yellow mold 12 gnomes 2 garter snakes a gnome zombie 6 geckos 11 jackals a kobold 6 goblins 4 sewer rats 7 grid bugs a lichen 2 kobold zombies 15 newts 144 creatures vanquished. No species were genocided or became extinct. Voluntary challenges: You were an atheist. You never hit with a wielded weapon. You read items or engraved 3 times. You never engraved Elbereth. You never genocided any monsters. You never polymorphed an object. You never changed form. You used no wishes. You did not violate any of the special Sokoban rules. Achievements: You entered a shop. You attained the rank of Novice. You entered the Gnomish Mines. You attained the rank of Initiate. You entered Sokoban. The Dungeons of Doom: levels 1 to 8 Level 1: Some fountains. Level 2: A delicatessen. Level 3: A general store. Level 4: A weapon shop, a fountain. Stairs down to The Gnomish Mines. Level 5: Level 6: Level 7: A sink. Stairs up to Sokoban, level 6. Level 8: A sink. The Gnomish Mines: levels 5 to 6 Level 5: Level 6: Sokoban: levels 6 up to 5 Level 5: Solved. Level 6: <- You were here. Solved. Goodbye Gandelf the Monk... You quit in Sokoban on dungeon level 6 with 5862 points, and 0 pieces of gold, after 7069 moves. You were level 8 with a maximum of 57 hit points when you quit.